 Dungeon Crawl Stone Soup version 0.29-a0-838-g385bb11a5b (webtiles) character file.

Game seed: 3345281286749702676

163 zeratav the Stinger (level 5, -3/31 HPs)
             Began as an Octopode Venom Mage on July 13, 2022.
             Killed by miscasting Olgreb's Toxic Radiance (8 damage)
             ... on level 4 of the Dungeon.
             The game lasted 00:06:14 (3229 turns).

zeratav the Stinger (Octopode Venom Mage)           Turns: 3229, Time: 00:06:15

Health: -3/31      AC:  3    Str:  8    XL:     5   Next: 44%
Magic:  0/8        EV: 12    Int: 19    God:
Gold:   232        SH:  3    Dex: 12    Spells: 3/8 levels left

rFire   . . .      SeeInvis .   d - +4 short sword {short}
rCold   . . .      Faith    .   i - +0 buckler
rNeg    . . .      Spirit   .   m - +2 hat
rPois   .          Reflect  .   (no amulet)
rElec   .          Harm     .   b - ring of resist corrosion
rCorr   +          Rampage  .   j - ring of wizardry
Will    .....                   (no ring)
Stlth   ++++......              (no ring)
HPRegen 0.10/turn               (no ring)
MPRegen 0.11/turn               (no ring)
                                (no ring)
                                (no ring)

@: lethally poisoned (-3 -> -8), very slightly contaminated
A: almost no armour, amphibious, 8 rings, camouflage 1, gelatinous body 1,
(nimble swimmer 1), tentacles
a: no special abilities


You were on level 4 of the Dungeon.
You visited 1 branch of the dungeon, and saw 4 of its levels.

You collected 232 gold pieces.


Innate Abilities, Weirdness & Mutations

You cannot wear most types of armour.
You are amphibious.
You can wear up to eight rings at the same time.
Your skin changes colour to match your surroundings (Stealth+).
Your rubbery body absorbs attacks. (AC +1, EV +1)
((You are camouflaged when in or above water. (Stealth+)))
You have tentacles for arms and can constrict up to eight enemies at once.


   Skills:
 - Level 2.0 Dodging
 - Level 5.0 Stealth
 - Level 2.0 Spellcasting
 - Level 1.0 Transmutations
 + Level 6.2 Poison Magic


You had 3 spell levels left.
You knew the following spells:

 Your Spells              Type           Power      Damage    Failure   Level
a - Sting                 Tmut/Pois      60%        1d6       2%          1
b - Olgreb's Toxic Radia  Pois           25%        N/A       7%          4

Your spell library contained the following spells:

 Spells                   Type           Power      Damage    Failure   Level
 Poisonous Vapours        Pois/Air       26%        N/A       4%          2
 Mephitic Cloud           Conj/Pois/Air  9%         N/A       12%         3

Inventory:

Hand Weapons
 d - a +4 short sword (weapon) {short}
   (You took it off a kobold on level 3 of the Dungeon)
 s - a +2 dagger of speed {short}
   (You took it off a goblin on level 3 of the Dungeon)
Armour
 i - a +0 buckler (worn)
   (You found it on level 1 of the Dungeon)
 m - a +2 hat (worn)
   (You found it on level 3 of the Dungeon)
Jewellery
 b - a ring of resist corrosion (left tentacle)
   (You found it on level 1 of the Dungeon)
 j - a ring of wizardry (right tentacle)
   (You found it on level 1 of the Dungeon)
 o - a ring of ice
   (You found it on level 3 of the Dungeon)
Wands
 q - a wand of light (7)
   (You found it on level 3 of the Dungeon)
 t - a wand of digging (5)
   (You found it on level 3 of the Dungeon)
Scrolls
 e - a scroll of poison {!r}
 v - a scroll of enchant armour {unknown}
Potions
 a - a potion of magic
 k - a potion of lignification {unknown}
 l - a potion of heal wounds {unknown}
 p - a potion of curing {@q1}
 r - 3 potions of haste {unknown}

Dungeon Overview and Level Annotations

Branches:
Dungeon (4/15) Zot: 20767
 Temple: D:4-7

Altars:
Fedhas
Kikubaaqudgha

.K.. #.#.......)..(..........####
....##..........##......#..#..#.#
....#...................##.#.....
.........#....###o.....##..#.....
.........#.....##.......##.......
##..............#...##.##......#.
#..............................#.
......##.........................
##....#.........@..........#.....
#..S......................##....
.....##......>...#..o#).#####...
###.......o#..##.....#....
#.......#...#...........
#.......##...>..........
#.......................
#.......................
.....###.....)...


You could see an orc priest (fleeing) and 2 orcs.


Message History

Your mp is fully restored (8).
You see here 5 stones {throwing}.
As you read the scroll labelled NUACVO YCWO, it crumbles to dust.
You assume a fearsome visage.
Nothing appears to happen.
It was a scroll of fear.
As you read the scroll labelled YTUMELIDUCK, it crumbles to dust.
It is a scroll of identify.
e - a scroll of poison
As you read the scroll labelled VEODWOPNIDGH, it crumbles to dust.
It is a scroll of amnesia.
Really abort (and waste the scroll)?
Okay, then.
As you read the scroll labelled ISININ ICZOE, it crumbles to dust.
Your body is wracked with pain!
It was a scroll of torment.
HP[-14]
You take 14 damage, and now have 17/31 hp.
MASSIVE DAMAGE!! (PAUSE)
You start resting.
HP[+14]
Your hp is fully restored (31).
An orc comes into view. It is wielding a +0 flail.
There is a stone staircase leading up here.
As you read the scroll labelled FOXEHO MUZXO, it crumbles to dust.
You feel strangely unstable.
It was a scroll of teleportation.
As you read the scroll labelled OQATOA XOESTIMP, it crumbles to dust.
The creatures around you are filled with an inner flame!
It was a scroll of immolation.
The orc shouts!
You hear a shout!
An orc comes into view. It is wielding a +0 short sword.
You stop ascending the stairs.
Your surroundings suddenly seem different.
An orc priest comes into view. It is wielding a +0 dagger.
Casting: Sting (safe; 2% risk of failure)
Confirm with . or Enter, or press ? or * to list all spells.
The spell is quite dangerous to miscast (8% risk of failure)!
Continue anyway?
You begin to radiate toxic energy.
Flame seeps out of the orc.
The orc is poisoned.
Flame seeps out of the orc.
The orc looks even sicker.
The orc is engulfed in blazing flames.
The orc explodes!
You hear a shout!
MP[-4]
You lost 4 mp, and now have 4/8 mp.
Your toxic aura wanes.
Casting: Olgreb's Toxic Radiance (quite dangerous; 7% risk of failure)
Confirm with . or Enter, or press ? or * to list all spells.
The spell is quite dangerous to miscast (7% risk of failure)!
Continue anyway?
You begin to radiate toxic energy.
The orc priest is poisoned.
MP[-4]
You lost 4 mp, and now have 0/8 mp.
Your toxic aura wanes.
The orc priest mumbles some strange prayers to Beogh against you.
Beogh smites you!
HP[-14]
You take 14 damage, and now have 17/31 hp.
MASSIVE DAMAGE!! (PAUSE) MP[+1]
An orc comes into view. It is wielding a +0 hand axe.
HP[+1]
The orc priest shouts!
MP[+1]
The orc priest calls down the wrath of Beogh upon you.
Beogh smites you!
* * * LOW HITPOINT WARNING * * *
You hear a shout!
HP[-15]
You take 15 damage, and now have 3/31 hp.
MASSIVE DAMAGE!! (PAUSE)
An orc comes into view. It is wielding a +0 hand axe.
The orc shouts!
HP[+1] Read: 2 scrolls of fear
Press: ? - help, Q - select action, (/) - cycle Dir - look around, f - activate Look: an orc, wielding a +0 short sword and wearing a +0 leather armour (chance to affect: 99%)
As you read the scroll of fear, it crumbles to dust.
You assume a fearsome visage.
The orc looks frightened! x2
The orc shouts!
MP[+1]
Casting: Olgreb's Toxic Radiance (quite dangerous; 7% risk of failure)
Confirm with . or Enter, or press ? or * to list all spells.
You don't have enough magic to cast this spell.
Read: scroll of fear
Press: ? - help, Q - select action, (/) - cycle Dir - look around, f - activate Look: an orc priest, wielding a +0 dagger (severely wounded, chance to affect: 97%)
As you read the scroll of fear, it crumbles to dust.
You assume a fearsome visage.
The orc looks frightened!
The orc priest looks frightened!
HP[+1]
There is a stone staircase leading up here.
MP[+1]
Casting: Olgreb's Toxic Radiance (quite dangerous; 7% risk of failure)
Confirm with . or Enter, or press ? or * to list all spells.
The spell is quite dangerous to miscast (7% risk of failure)!
Continue anyway?
You miscast Olgreb's Toxic Radiance.
You are very lightly contaminated with residual magic.
You feel odd!
You are lethally poisoned!
You die...

Skill      XL: |  1  2  3  4  5 |
---------------+----------------+-----
Stealth        | 3 4 5 |  5.0
Poison Magic   | 4 5 6 |  6.2
Dodging        | |  2.0
Spellcasting   | |  2.0
Transmutations | |  1.0

Action                   |  1- 3 |  4- 6 || total
-------------------------+-------+-------++-------
Melee: Unarmed           |     1 |       ||     1
       Dagger            |    46 |    17 ||    63
       Constrict         |    14 |     8 ||    22
       Tentacles         |     6 |    10 ||    16
       Club              |     3 |       ||     3
       Short sword       |       |    38 ||    38
 Cast: Sting             |     9 |    11 ||    20
       Olgreb's Toxic Ra |       |     4 ||     4
  Use: Potion            |     2 |       ||     2
       Scroll            |       |     8 ||     8
 Stab: Sleeping          |    12 |    13 ||    25
       Distracted        |       |     1 ||     1
Armor: Skin              |     6 |    10 ||    16
Dodge: Dodged            |    36 |    23 ||    59
Block: Buckler           |       |     5 ||     5

Levels and vault maps discovered:
D:1:      giann_wishing_wells, layout_rooms, chequers_decorated_corner,
          minivault_25
D:2:      layout_rooms
D:3:      layout_loops_ring, fedhas_altar_4, nicolae_overflow_hidden_temple,
          ebering_ecumenical_altar_mist
D:4:      layout_cave_pools, chequers_hall_statues_wall_a, minmay_mini_jars

Notes
Turn   | Place    | Note
-------+----------+-------------------------------------------
     0 | D:1      | zeratav the Octopode Venom Mage began the quest for the
                  | Orb.
     0 | D:1      | Reached XP level 1. HP: 11/11 MP: 3/3
     0 | D:1      | magus.rc [v1.9.6]
    95 | D:1      | Reached skill level 3 in Stealth
   130 | D:1      | Reached XP level 2. HP: 17/17 MP: 0/5
   223 | D:1      | Reached skill level 4 in Poison Magic
   482 | D:1      | Reached skill level 4 in Stealth
   482 | D:1      | Reached XP level 3. HP: 8/21 MP: 4/6
  1073 | D:2      | HP: 5/21 [adder (2)]
  1077 | D:2      | Reached XP level 4. HP: 14/27 MP: 7/7
  1615 | D:3      | Reached skill level 5 in Poison Magic
  1689 | D:3      | Learned a level 4 spell: Olgreb's Toxic Radiance
  1703 | D:3      | Found a faded altar of an unknown god.
  1743 | D:3      | Identified the +0 robe of Greed {rF- Slay+5 Stlth+}
  1746 | D:3      | Found an ancient bone altar of Kikubaaqudgha.
  1811 | D:3      | Reached skill level 5 in Stealth
  1864 | D:3      | HP: 6/27 [orc priest/divine providence (17)]
  1865 | D:3      | HP: 1/27 [orc priest/+0 hand axe (5)]
  1867 | D:3      | Reached XP level 5. HP: 1/31 MP: 4/8
  2591 | D:3      | Reached skill level 6 in Poison Magic
  2608 | D:3      | Found a blossoming altar of Fedhas.
  3211 | D:4      | HP: 3/31 [orc priest/divine providence (15)]
  3229 | D:4      | Killed by miscasting Olgreb's Toxic Radiance

Vanquished Creatures
  An orc priest (D:3)
  4 adders
  A gnoll (D:1)
  2 worms (D:4)
  A dart slug (D:3)
  4 orcs
  7 ball pythons
  4 bats
  4 endoplasms
  6 giant cockroaches
  13 goblins
  6 hobgoblins
  6 kobolds
  3 quokkas
  4 frilled lizards
  5 rats
71 creatures vanquished.

Table legend:
 A = Non-vault XP
 B = Vault XP
 C = Vault XP percentage of total XP
 D = Non-vault monster count
 E = Vault monster count
 F = Vault count percentage of total count
                 A         B        C        D         E       F
            +---------+---------+-------+---------+---------+-------
      Total |     233 |       0 |   0.0 |      71 |       0 |   0.0
            +---------+---------+-------+---------+---------+-------
        D:1 |      61 |       0 |   0.0 |      28 |       0 |   0.0
        D:2 |      40 |       0 |   0.0 |      11 |       0 |   0.0
        D:3 |     107 |       0 |   0.0 |      23 |       0 |   0.0
        D:4 |      25 |       0 |   0.0 |       9 |       0 |   0.0
            +---------+---------+-------+---------+---------+-------

Illustrated notes

Table legend:
 A = Kills in this place as a percentage of kills in entire the game.
 B = Kills by you in this place as a percentage of kills by you in the entire game.
 C = Kills by friends in this place as a percentage of kills by friends in the entire game.
 D = Other kills in this place as a percentage of other kills in the entire game.
 E = Experience gained in this place as a percentage of experience gained in the entire game.
 F = Experience gained in this place divided by the number of levels of this place that you have seen.
                   A       B       C       D       E      F
               +-------+-------+-------+-------+-------+----------------------
         Total | 100.0 | 100.0 |   N/A |   N/A | 100.0 |  58.2
       Dungeon | 100.0 | 100.0 |   N/A |   N/A | 100.0 |  58.2
               +-------+-------+-------+-------+-------+----------------------

Table legend: (Time is in decaauts)
 A = Elapsed time spent in this place.
 B = Non-inter-level travel time spent in this place.
 C = Inter-level travel time spent in this place.
 D = Time resting spent in this place.
 E = Time spent auto-exploring this place.
 F = Levels seen in this place.
 G = Mean time per level.
                   A        B        C        D        E       F      G
               +--------+--------+--------+--------+--------+-----+--------+
         Total |   3232 |   3129 |    103 |    619 |   1930 |   4 |  808.0 |
       Dungeon |   3232 |   3129 |    103 |    619 |   1930 |   4 |  808.0 |
               +--------+--------+--------+--------+--------+-----+--------+

Top non-repeatable levels by time:
     D:2: 951 daAuts
     D:1: 910 daAuts
     D:3: 824 daAuts
     D:4: 546 daAuts
